[ AOE2 MATCH · #505977499 ]
UnrankedBohemians vs Portuguese
Player's team · WIN
[ REPLAY ANALYSIS · EXTRACTED FROM THE RECORDED GAME ]
Feudal
9:16
Castle
24:24
Imperial
37:52
| APM avg | 57.7 |
| APM peak | 98 |
| eAPM avg | 27.8 |
| Villagers / military | 131 / 89 |
Focus
⚔️ 38.9% · 🌾 61.1%
Monk ×25 · Archer ×18 · Skirmisher ×14 · Spearman ×13 · Mangonel ×7 · Scout Cavalry ×4
Feudal
9:42
Castle
24:23
Imperial
—
| APM avg | 53.4 |
| APM peak | 101 |
| eAPM avg | 23.9 |
| Villagers / military | 96 / 54 |
Focus
⚔️ 33.0% · 🌾 67.0%
Organ Gun ×21 · Skirmisher ×11 · Mangonel ×9 · Archer ×7 · Monk ×4 · Spearman ×2
Match map
Initial resources + every placement click. Lines = walls · curves = elevation contours. ◆ gold · ⬟ stone · ● berries · ✦ relic · ◌ wall gap
Your base· Open — opponent sealed themselves in
Ux'Rip_Michi's base· ✓ Closed at 24:23 · 45t walls · 3 gate(s)
Smoothed initial terrain · ◌ = detected wall gap · hover for details
Inputs per minute
— Baldeitus - - Ux'Rip_Michi
Build order — Baldeitus
First 150 of 368 actions detected
| 0:01 | Create | Villager (Male) |
| 0:02 | Build | House |
| 0:03 | Build | House |
| 0:06 | Create | Villager (Male) |
| 0:07 | Create | Villager (Male) |
| 0:07 | Create | Villager (Male) |
| 0:07 | Create | Villager (Male) |
| 1:24 | Create | Villager (Male) |
| 1:25 | Create | Villager (Male) |
| 1:54 | Build | Lumber Camp |
| 2:01 | Create | Villager (Male) |
| 2:01 | Create | Villager (Male) |
| 2:02 | Create | Villager (Male) |
| 2:02 | Create | Villager (Male) |
| 2:39 | Create | Villager (Male) |
| 2:40 | Create | Villager (Male) |
| 2:55 | Create | Villager (Male) |
| 2:55 | Create | Villager (Male) |
| 3:20 | Create | Villager (Male) |
| 3:21 | Create | Villager (Male) |
| 3:45 | Create | Villager (Male) |
| 3:54 | Create | Villager (Male) |
| 3:54 | Create | Villager (Male) |
| 4:10 | Create | Villager (Male) |
| 4:11 | Create | Villager (Male) |
| 4:14 | Build | House |
| 5:04 | Create | Villager (Male) |
| 5:14 | Build | Barracks |
| 5:38 | Research | Loom |
| 5:38 | Research | Loom |
| 5:40 | Create | Villager (Male) |
| 6:15 | Create | Villager (Male) |
| 6:16 | Research | Loom |
| 7:00 | Build | Mining Camp |
| 7:02 | Research | Feudal Age |
| 7:02 | Research | Feudal Age |
| 7:12 | Create | Militia |
| 7:19 | Build | House |
| 7:23 | Create | Militia |
| 7:42 | Build | Palisade Wall |
| 7:43 | Build | Palisade Wall |
| 7:44 | Build | Palisade Wall |
| 7:53 | Build | Palisade Wall |
| 7:58 | Build | House |
| 8:04 | Create | Militia |
| 8:46 | Build | Palisade Wall |
| 8:47 | Build | Palisade Wall |
| 8:47 | Build | Palisade Wall |
| 8:47 | Build | Palisade Wall |
| 9:16 | Age | Feudal Age |
| 9:21 | Research | Man-at-Arms (upgrade) |
| 9:22 | Create | Villager (Male) |
| 9:28 | Build | Archery Range |
| 9:36 | Create | Villager (Male) |
| 9:56 | Build | Mill |
| 10:04 | Create | Villager (Male) |
| 10:18 | Create | Archer |
| 10:18 | Create | Villager (Male) |
| 10:37 | Build | House |
| 10:38 | Build | House |
| 10:48 | Build | Farm |
| 10:49 | Build | Farm |
| 10:52 | Create | Archer |
| 11:08 | Create | Villager (Male) |
| 11:10 | Build | Farm |
| 11:38 | Create | Skirmisher |
| 11:40 | Build | Farm |
| 11:42 | Build | Farm |
| 11:44 | Build | Farm |
| 11:56 | Build | House |
| 12:00 | Create | Villager (Male) |
| 12:02 | Create | Skirmisher |
| 12:02 | Create | Skirmisher |
| 12:12 | Build | Palisade Wall |
| 12:12 | Build | Palisade Wall |
| 12:27 | Create | Villager (Male) |
| 12:31 | Create | Villager (Male) |
| 12:55 | Create | Villager (Male) |
| 12:59 | Build | Farm |
| 13:14 | Research | Double-Bit Axe |
| 13:15 | Create | Villager (Male) |
| 13:44 | Create | Villager (Male) |
| 13:45 | Build | Farm |
| 13:58 | Create | Villager (Male) |
| 14:21 | Build | Blacksmith |
| 14:29 | Create | Villager (Male) |
| 14:33 | Create | Skirmisher |
| 14:34 | Create | Skirmisher |
| 14:54 | Build | House |
| 14:55 | Build | Palisade Gate |
| 14:58 | Research | Fletching |
| 14:59 | Research | Fletching |
| 15:01 | Research | Padded Archer Armor |
| 15:01 | Research | Padded Archer Armor |
| 15:02 | Create | Skirmisher |
| 15:08 | Create | Villager (Male) |
| 15:22 | Create | Villager (Male) |
| 15:26 | Create | Villager (Male) |
| 15:37 | Build | Market |
| 15:40 | Build | Farm |
| 15:43 | Create | Villager (Male) |
| 15:57 | Build | Watch Tower |
| 16:04 | Create | Villager (Male) |
| 16:11 | Create | Skirmisher |
| 16:46 | Build | Lumber Camp |
| 16:49 | Create | Villager (Male) |
| 17:07 | Create | Skirmisher |
| 17:23 | Create | Skirmisher |
| 17:27 | Create | Villager (Male) |
| 17:29 | Build | Farm |
| 17:42 | Build | Farm |
| 17:48 | Create | Skirmisher |
| 17:50 | Create | Villager (Male) |
| 18:07 | Create | Villager (Male) |
| 18:09 | Build | Farm |
| 18:10 | Build | Farm |
| 18:30 | Build | Stable |
| 18:43 | Create | Archer |
| 18:43 | Create | Archer |
| 18:46 | Create | Villager (Male) |
| 18:49 | Build | Farm |
| 19:03 | Build | House |
| 19:19 | Create | Scout Cavalry |
| 19:19 | Create | Scout Cavalry |
| 19:20 | Create | Villager (Male) |
| 19:36 | Build | Farm |
| 19:37 | Build | Farm |
| 19:55 | Build | Farm |
| 19:57 | Create | Scout Cavalry |
| 19:58 | Create | Villager (Male) |
| 20:20 | Create | Villager (Male) |
| 20:22 | Build | House |
| 20:22 | Build | House |
| 20:23 | Build | House |
| 20:36 | Create | Scout Cavalry |
| 20:57 | Create | Skirmisher |
| 20:57 | Create | Skirmisher |
| 21:05 | Create | Villager (Male) |
| 21:06 | Create | Villager (Male) |
| 21:44 | Research | Castle Age |
| 21:45 | Research | Castle Age |
| 21:46 | Create | Skirmisher |
| 21:48 | Build | Archery Range |
| 22:16 | Create | Skirmisher |
| 22:38 | Build | Mining Camp |
| 22:43 | Create | Archer |
| 22:43 | Create | Archer |
| 22:43 | Create | Archer |
| 23:37 | Create | Archer |
| 23:37 | Create | Archer |
Build order — Ux'Rip_Michi
First 150 of 284 actions detected
| 0:01 | Create | Villager (Male) ×4 |
| 0:02 | Build | House |
| 0:03 | Build | House |
| 1:31 | Create | Villager (Male) |
| 1:45 | Build | Lumber Camp |
| 1:59 | Create | Villager (Male) |
| 1:59 | Create | Villager (Male) |
| 2:31 | Create | Villager (Male) |
| 2:51 | Create | Villager (Male) |
| 2:52 | Create | Villager (Male) |
| 2:52 | Create | Villager (Male) |
| 3:23 | Create | Villager (Male) |
| 3:28 | Build | House |
| 3:30 | Build | House |
| 3:49 | Create | Villager (Male) |
| 4:04 | Create | Villager (Male) |
| 4:19 | Build | Mill |
| 4:55 | Create | Villager (Male) |
| 5:16 | Create | Villager (Male) |
| 5:43 | Create | Villager (Male) |
| 5:55 | Create | Villager (Male) |
| 6:02 | Build | Barracks |
| 6:03 | Build | Palisade Wall |
| 6:14 | Create | Villager (Male) |
| 6:36 | Research | Loom |
| 7:02 | Build | House |
| 7:32 | Research | Feudal Age |
| 7:43 | Build | Palisade Wall |
| 7:50 | Build | Palisade Wall |
| 7:56 | Build | Palisade Wall |
| 8:07 | Build | Mining Camp |
| 8:41 | Build | Palisade Wall |
| 8:42 | Build | Palisade Wall |
| 8:44 | Build | Palisade Wall |
| 8:45 | Build | Palisade Wall |
| 8:52 | Build | Palisade Wall |
| 9:04 | Build | Palisade Wall |
| 9:05 | Build | Palisade Wall |
| 9:06 | Build | Palisade Wall |
| 9:11 | Build | Palisade Wall |
| 9:12 | Build | Palisade Wall |
| 9:20 | Build | Palisade Gate |
| 9:24 | Create | Villager (Male) |
| 9:25 | Create | Villager (Male) |
| 9:34 | Create | Villager (Male) |
| 9:42 | Age | Feudal Age |
| 9:55 | Build | Archery Range |
| 9:59 | Build | Palisade Wall |
| 10:01 | Build | Palisade Wall |
| 10:07 | Create | Villager (Male) |
| 10:07 | Create | Villager (Male) |
| 10:22 | Build | House |
| 10:23 | Build | Palisade Wall |
| 10:24 | Build | Palisade Wall |
| 10:27 | Build | Palisade Wall |
| 10:37 | Create | Archer |
| 10:40 | Create | Archer |
| 10:47 | Build | House |
| 10:51 | Create | Villager (Male) |
| 10:53 | Build | Farm |
| 10:56 | Build | Farm |
| 11:08 | Create | Villager (Male) |
| 11:17 | Create | Villager (Male) |
| 11:20 | Build | Farm |
| 11:25 | Build | Palisade Wall |
| 11:31 | Create | Archer |
| 11:37 | Create | Archer |
| 11:38 | Create | Villager (Male) |
| 11:45 | Create | Villager (Male) |
| 11:58 | Create | Villager (Male) |
| 12:12 | Create | Villager (Male) |
| 12:28 | Build | House |
| 12:46 | Create | Villager (Male) |
| 12:48 | Build | Blacksmith |
| 12:56 | Create | Villager (Male) |
| 12:56 | Create | Villager (Male) |
| 13:11 | Create | Skirmisher |
| 13:11 | Create | Skirmisher |
| 13:32 | Research | Fletching |
| 13:52 | Create | Archer |
| 13:53 | Create | Villager (Male) |
| 13:53 | Create | Villager (Male) |
| 14:14 | Create | Villager (Male) |
| 14:19 | Create | Villager (Male) |
| 14:21 | Build | Mining Camp |
| 14:27 | Build | House |
| 14:30 | Create | Archer |
| 14:49 | Create | Villager (Male) |
| 14:53 | Build | House |
| 15:00 | Build | Lumber Camp |
| 15:05 | Build | Palisade Wall |
| 15:06 | Build | Palisade Wall |
| 15:19 | Build | Mill |
| 15:35 | Create | Villager (Male) |
| 15:49 | Create | Skirmisher |
| 15:50 | Create | Archer |
| 16:00 | Create | Villager (Male) |
| 16:16 | Build | Palisade Gate |
| 16:19 | Build | Palisade Wall |
| 16:22 | Build | Palisade Wall |
| 16:25 | Create | Villager (Male) |
| 16:30 | Build | House |
| 16:33 | Build | Farm |
| 16:34 | Build | Farm |
| 16:37 | Build | Farm |
| 16:54 | Build | Farm |
| 16:55 | Create | Villager (Male) |
| 17:21 | Create | Villager (Male) |
| 17:35 | Create | Villager (Male) |
| 17:38 | Build | Market |
| 17:46 | Create | Skirmisher |
| 18:05 | Create | Villager (Male) |
| 18:09 | Build | House |
| 18:19 | Create | Skirmisher |
| 18:40 | Create | Villager (Male) |
| 18:42 | Build | House |
| 18:55 | Create | Villager (Male) |
| 19:03 | Build | Farm |
| 19:04 | Build | Farm |
| 19:18 | Create | Villager (Male) |
| 19:31 | Create | Villager (Male) |
| 19:34 | Build | House |
| 19:55 | Create | Skirmisher |
| 19:56 | Create | Villager (Male) |
| 20:04 | Create | Villager (Male) |
| 20:06 | Build | Farm |
| 20:07 | Build | Farm |
| 20:09 | Build | Palisade Wall |
| 20:20 | Create | Villager (Male) |
| 20:29 | Create | Spearman |
| 20:29 | Create | Spearman |
| 20:42 | Create | Villager (Male) |
| 20:42 | Create | Villager (Male) |
| 20:53 | Create | Villager (Male) |
| 21:18 | Build | Watch Tower |
| 21:24 | Create | Skirmisher |
| 21:43 | Research | Castle Age |
| 21:54 | Build | Palisade Wall |
| 21:58 | Create | Skirmisher |
| 22:07 | Build | Palisade Wall |
| 22:12 | Build | House |
| 22:37 | Research | Double-Bit Axe |
| 22:37 | Research | Double-Bit Axe |
| 22:46 | Build | Palisade Wall |
| 23:00 | Create | Skirmisher |
| 23:00 | Create | Skirmisher |
| 23:13 | Build | Palisade Gate |
| 23:20 | Build | House |
| 23:27 | Build | Palisade Wall |
| 23:28 | Create | Skirmisher |
Match timeline
| 5:14 | Baldeitus · first_building Barracks |
| 6:02 | Ux'Rip_Michi · first_building Barracks |
| 6:03 | Ux'Rip_Michi · wall_segment Palisade Wall x1 |
| 7:42 | Baldeitus · wall_segment Palisade Wall x1 |
| 7:43 | Ux'Rip_Michi · wall_segment Palisade Wall x5 |
| 7:43 | Baldeitus · wall_segment Palisade Wall x1 |
| 7:44 | Baldeitus · wall_segment Palisade Wall x1 |
| 7:50 | Ux'Rip_Michi · wall_segment Palisade Wall x5 |
| 7:53 | Baldeitus · wall_segment Palisade Wall x1 |
| 7:56 | Ux'Rip_Michi · wall_segment Palisade Wall x4 |
| 8:41 | Ux'Rip_Michi · wall_segment Palisade Wall x1 |
| 8:42 | Ux'Rip_Michi · wall_segment Palisade Wall x1 |
| 8:44 | Ux'Rip_Michi · wall_segment Palisade Wall x1 |
| 8:45 | Ux'Rip_Michi · wall_segment Palisade Wall x1 |
| 8:46 | Baldeitus · wall_segment Palisade Wall x1 |
| 8:47 | Baldeitus · wall_segment Palisade Wall x1 |
| 8:47 | Baldeitus · wall_segment Palisade Wall x1 |
| 8:47 | Baldeitus · wall_segment Palisade Wall x1 |
| 8:52 | Ux'Rip_Michi · wall_segment Palisade Wall x6 |
| 9:04 | Ux'Rip_Michi · wall_segment Palisade Wall x1 |
| 9:05 | Ux'Rip_Michi · wall_segment Palisade Wall x1 |
| 9:06 | Ux'Rip_Michi · wall_segment Palisade Wall x1 |
| 9:11 | Ux'Rip_Michi · wall_segment Palisade Wall x1 |
| 9:12 | Ux'Rip_Michi · wall_segment Palisade Wall x1 |
| 9:16 | Baldeitus · age_up feudal |
| 9:28 | Baldeitus · first_building Archery Range |
| 9:42 | Ux'Rip_Michi · age_up feudal |
| 9:55 | Ux'Rip_Michi · first_building Archery Range |
| 9:59 | Ux'Rip_Michi · wall_segment Palisade Wall x1 |
| 10:01 | Ux'Rip_Michi · wall_segment Palisade Wall x1 |
| 10:23 | Ux'Rip_Michi · wall_segment Palisade Wall x1 |
| 10:24 | Ux'Rip_Michi · wall_segment Palisade Wall x1 |
| 10:27 | Ux'Rip_Michi · wall_segment Palisade Wall x4 |
| 11:25 | Ux'Rip_Michi · wall_segment Palisade Wall x1 |
| 12:12 | Baldeitus · wall_segment Palisade Wall x9 |
| 12:12 | Baldeitus · wall_segment Palisade Wall x4 |
| 15:05 | Ux'Rip_Michi · wall_segment Palisade Wall x1 |
| 15:06 | Ux'Rip_Michi · wall_segment Palisade Wall x1 |
| 16:19 | Ux'Rip_Michi · wall_segment Palisade Wall x1 |
| 16:22 | Ux'Rip_Michi · wall_segment Palisade Wall x1 |
| 16:59 | Baldeitus · first_market_buy 100 food |
| 18:30 | Baldeitus · first_building Stable |
| 18:46 | Ux'Rip_Michi · first_market_buy 100 food |
| 20:09 | Ux'Rip_Michi · wall_segment Palisade Wall x1 |
| 21:25 | Baldeitus · first_market_sell 100 wood |
| 21:32 | Ux'Rip_Michi · first_market_sell 100 stone |
| 21:54 | Ux'Rip_Michi · wall_segment Palisade Wall x1 |
| 22:07 | Ux'Rip_Michi · wall_segment Palisade Wall x1 |
| 22:46 | Ux'Rip_Michi · wall_segment Palisade Wall x1 |
| 23:27 | Ux'Rip_Michi · wall_segment Palisade Wall x1 |
| 24:23 | Ux'Rip_Michi · age_up castle |
| 24:24 | Baldeitus · age_up castle |
| 24:50 | Baldeitus · first_building Siege Workshop |
| 24:56 | Ux'Rip_Michi · first_building Castle |
| 27:06 | Ux'Rip_Michi · wall_segment Palisade Wall x1 |
| 27:32 | Ux'Rip_Michi · first_building Siege Workshop |
| 28:30 | Baldeitus · first_building Monastery |
| 30:13 | Baldeitus · first_building Castle |
| 31:44 | Ux'Rip_Michi · first_building Monastery |
| 37:52 | Baldeitus · age_up imperial |
| 42:02 | Ux'Rip_Michi · resign |
[ AI ANALYSIS · 1 CREDIT ]
What really happened in this match?
Wolo.gg analyzes every decision: build order, eco, micro, common mistakes by bracket. Personalized analysis on WhatsApp or Discord in 30 seconds.
Civ guide
Bohemians
Perfil
Jugador #1249720